 Dungeon Crawl Stone Soup version 0.27.1 (webtiles) character file.

Game seed: 13471750089124914575

76 SkeletonJelly the Slasher (level 4, 0/57 HPs)
             Began as a Draconian Monk on Aug 26, 2021.
             Killed from afar by Ijyb (15 damage)
             ... with a bolt of acid
             ... on level 3 of the Dungeon.
             The game lasted 00:05:58 (2233 turns).

SkeletonJelly the Slasher (Draconian Monk)          Turns: 2233, Time: 00:05:58

Health: 0/57       AC:  6    Str: 14    XL:     4   Next: 12%
Magic:  4/4        EV: 12    Int: 11    God:
Gold:   86         SH:  0    Dex: 13    Spells: 3/3 levels left

rFire    . . .     SeeInvis .   a - +0 falchion
rCold    . . .     Faith    .   (no shield)
rNeg     . . .     Spirit   .   (armour unavailable)
rPois    .         Reflect  .   (helmet restricted)
rElec    .         Harm     .   (no cloak)
rCorr    .         Rampage  .   f - +0 pair of gloves
Will     .....                  (no boots)
Stlth    ..........             (no amulet)
HPRegen  0.19/turn              (no ring)
MPRegen  0.09/turn              (no ring)

@: berserking, very quick
A: AC +5, unfitting armour, cold-blooded
a: no special abilities


You were on level 3 of the Dungeon.
You visited 1 branch of the dungeon, and saw 3 of its levels.

You collected 86 gold pieces.

Inventory:

Hand Weapons
 a - a +0 falchion (weapon)
Armour
 f - a +0 pair of gloves (worn)
Scrolls
 e - a scroll of teleportation {unknown}
 g - a scroll of magic mapping {unknown}
Potions
 c - a potion of degeneration {unknown}
 d - a potion of brilliance {unknown}
 h - a potion of attraction {unknown}


   Skills:
 - Level 3.2 Fighting
 + Level 5.0 Long Blades
 - Level 2.6 Dodging
 - Level 1.7 Stealth


You had 3 spell levels left.
You didn't know any spells.
Your spell library was empty.

Dungeon Overview and Level Annotations

Branches:
Dungeon (3/15)

Altars:
Zin

Shops:
D:2 ((*:[

Annotations:
D:2 Jessica, Sigmund
D:3 Ijyb


Innate Abilities, Weirdness & Mutations

Your plain brown scales are hard. (AC +5)
You cannot fit into any form of body armour.
You are cold-blooded and may be slowed by cold attacks.


Message History

An adder is nearby!
The adder barely misses you.
You riposte.
You hit the adder.
Your tail-slap misses the adder.
The adder is moderately wounded.
The adder bites you.
You barely miss the adder.
Your tail-slap misses the adder.
The adder is moderately wounded.
The adder closely misses you.
You miss the adder.
Your tail-slap misses the adder.
The adder is moderately wounded.
The adder bites you.
You are poisoned.
The adder poisons you! The adder misses you.
You hit the adder.
The adder is almost dead.
You feel sick. The adder barely misses you.
You hit the adder.
You kill the adder!
You feel sick.
Your Long Blades skill increases to level 5!
You have reached level 4!
You feel clever.
You feel sick.
You are no longer poisoned.
HP restored.
A giant cockroach comes into view.
A giant cockroach is nearby!
A giant cockroach is nearby!
A giant cockroach is nearby!
A giant cockroach is nearby!
The helpless giant cockroach fails to defend itself.
You hit the giant cockroach but do no damage.
The giant cockroach barely misses you.
You riposte.
You hit the giant cockroach.
The giant cockroach is almost dead.
You hit the giant cockroach but do no damage.
You tail-slap the giant cockroach, but do no damage.
The giant cockroach is almost dead.
The giant cockroach closely misses you. The giant cockroach barely misses you.
You riposte.
You closely miss the giant cockroach.
The giant cockroach is almost dead.
You barely miss the giant cockroach.
The giant cockroach is almost dead.
The giant cockroach bites you but does no damage.
You barely miss the giant cockroach.
The giant cockroach is almost dead.
The giant cockroach barely misses you.
You riposte.
You hit the giant cockroach.
You kill the giant cockroach!
No target in view!
No target in view!
No target in view!
Found a ring mail.
An endoplasm and a goblin come into view.
The goblin moves out of view.
An endoplasm is nearby!
An endoplasm is nearby!
An endoplasm is nearby!
The endoplasm quivers.
The endoplasm hits you.
The goblin shouts!
You hit the endoplasm.
The endoplasm is severely wounded.
The endoplasm hits you but does no damage.
You slash the endoplasm!
You kill the endoplasm!
You hit the goblin.
You kill the goblin!
Ijyb the Twisted Goblin comes into view.
She is wielding a +0 club, wearing a +3 leather armour of poison resistance and carrying a wand of acid (8).
Found a club.
Ijyb shouts!
Ijyb zaps a wand.
The bolt of acid hits you!
You are splashed with acid!
* * * LOW HITPOINT WARNING * * *
You are too injured to fight recklessly!
You are too injured to fight recklessly!
You are too injured to fight recklessly!
You are too injured to fight recklessly!
Ijyb barely misses you.
You aren't carrying any items that you can evoke.
It was a potion of berserk rage.
A red film seems to cover your vision as you go berserk!
You feel yourself moving faster!
You feel mighty! Ijyb hits you but does no damage.
You slash Ijyb! You tail-slap Ijyb!
Ijyb is severely wounded.
Ijyb drinks a potion.
Ijyb seems to grow stronger.
You hit Ijyb.
Ijyb is almost dead.
You barely miss Ijyb.
Ijyb is almost dead.
Ijyb hits you with a +0 club.
* * * LOW HITPOINT WARNING * * *
You miss Ijyb.
Ijyb is almost dead.
Ijyb barely misses you.
You riposte.
You barely miss Ijyb.
Ijyb is almost dead.
You hit Ijyb.
Your tail-slap misses Ijyb.
Ijyb is almost dead.
Ijyb zaps a wand.
The bolt of acid hits you!
You die...

##########.#
.........#.##
#.##.###....#### #.##.#
###..##.## #.##.#
#..#...########
..##.#####...)......)...
[.......................
.##.#######.##..........
## .# #.##..@g...... #.#
...............
...#####....... #.##
#...... #. ...... ##.###
.# #


You could see Ijyb (strong).

Vanquished Creatures
  2 adders
  2 worms (D:2)
  5 orcs (D:2)
  6 endoplasms
  3 giant cockroaches
  5 goblins
  3 hobgoblins
  4 jackals (D:1)
  A kobold (D:1)
  4 ball pythons
  4 bats
  A frilled lizard (D:1)
  2 rats
42 creatures vanquished.

Notes
Turn   | Place    | Note
-------+----------+-------------------------------------------
     0 | D:1      | SkeletonJelly the Draconian Monk began the quest for the
                  | Orb.
     0 | D:1      | Reached XP level 1. HP: 19/19 MP: 1/1
   381 | D:1      | Found a faded altar of an unknown god.
   546 | D:1      | Reached XP level 2. HP: 19/26 MP: 2/2
   956 | D:1      | Reached skill level 4 in Long Blades
  1121 | D:2      | Found Ireulus's Antique Armour Shoppe.
  1263 | D:2      | Reached XP level 3. HP: 30/31 MP: 3/3
  1475 | D:2      | Noticed Sigmund
  1477 | D:2      | Noticed Jessica
  1588 | D:2      | Found Idyomum's Weapon Shop.
  1600 | D:2      | Found Tety's Book Emporium.
  1611 | D:2      | Found Yggaeqa's General Store.
  1667 | D:2      | Found Plog's Antique Weapon Emporium.
  1695 | D:2      | Found a glowing silver altar of Zin.
  2102 | D:3      | Reached skill level 5 in Long Blades
  2102 | D:3      | Reached XP level 4. HP: 29/38 MP: 4/4
  2223 | D:3      | Noticed Ijyb
  2233 | D:3      | Killed from afar by Ijyb

Illustrated notes

Levels and vault maps discovered:
D:1:      elethiomel_arrival_quiet, layout_loops_cross,
          shapermc_ecumenical_altar_pompeii
D:2:      layout_basic, basic_altar, serial_shops, shop,
          nicolae_shop_statue_plus, nicolae_shop_trees, shop, shop,
          corexii_leaking_fountain, skrybe_limestone_x, uniq_jessica,
          uniq_sigmund
D:3:      layout_loops_ring, grunt_temple_overflow_cloverleaf,
          hangedman_decor_opposing, uniq_ijyb

Skill      XL: |  1  2  3 |
---------------+----------+-----
Long Blades    | 4 5 |  5.0
Fighting       | |  3.2
Dodging        | |  2.6
Stealth        | |  1.7

Action                   |  1- 3 |  4- 6 || total
-------------------------+-------+-------++-------
Melee: Falchion          |   104 |    12 ||   116
       Tailslap          |    15 |     2 ||    17
  Use: Potion            |       |     1 ||     1
 Stab: Sleeping          |     4 |     1 ||     5
Armor: Skin              |    28 |     3 ||    31
Dodge: Dodged            |    81 |     6 ||    87
       Rpst.: Falchion   |    21 |     4 ||    25
